 Dungeon Crawl Stone Soup version 0.21.0 (webtiles) character file.

5012 Lovchig the Cleaver (level 10, -6/91 HPs)
             Began as a Deep Dwarf Fighter on Jan 7, 2018.
             Was a Priest of Makhleb.
             Mangled by an orc warrior
             ... wielding a +0 war axe
              (8 damage)
             ... in a bailey.
             The game lasted 00:26:01 (5562 turns).

Lovchig the Cleaver (Deep Dwarf Fighter)            Turns: 5562, Time: 00:26:01

Health: -6/91      AC: 15    Str: 23    XL:     10   Next: 29%
Magic:  0/0        EV:  8    Int:  9    God:    Makhleb [***...]
Gold:   424        SH: 11    Dex: 12    Spells: 9/9 levels left

rFire    . . .     SeeInvis .   a - +0 war axe
rCold    . . .     Gourm    .   c - +0 shield
rNeg     . . .     Faith    .   h - +0 plate armour
rPois    .         Spirit   .   (no helmet)
rElec    .         Reflect  .   q - scarf {cloud immunity}
rCorr    .         Harm     .   (no gloves)
MR       +....                  m - +0 pair of boots
Stlth    ..........             (no amulet)
HPRegen  0.00/turn              (no ring)
MPRegen  0.07/turn              (no ring)

@: berserk cooldown, non-regenerating, slowed, very slow
A: damage resistance, heal wounds, sense surroundings 2, no regeneration
a: Heal Wounds, Minor Destruction, Lesser Servant of Makhleb, Renounce Religion


You were in a bailey.
You worshipped Makhleb.
Makhleb was most pleased with you.
You were hungry.

You visited 1 branch of the dungeon, and saw 7 of its levels.
You also visited: Sewer and Bailey.

You collected 424 gold pieces.

Inventory:

Hand Weapons
 a - a +0 war axe (weapon)
Armour
 c - a +0 shield (worn)
 h - a +0 plate armour (worn)
 m - a +0 pair of boots (worn)
 q - a scarf of cloud immunity (worn)
Scrolls
 d - a scroll of remove curse
 e - 5 scrolls of fog
 g - a scroll of identify
 n - 4 scrolls of teleportation
Potions
 i - 2 potions of brilliance
 k - 3 potions of flight
 l - a potion of magic
 o - 2 potions of lignification
Comestibles
 b - 8 chunks of flesh
 f - 16 rations


   Skills:
 * Level 5.8 Fighting
 * Level 10.1 Axes
 * Level 8.8 Armour
 * Level 5.3 Dodging
 * Level 7.6 Shields


You had 9 spell levels left.
You didn't know any spells.

Dungeon Overview and Level Annotations

Branches:
Dungeon (7/15)             Temple (0/1) D:5

Altars:
Dithmenos
Elyvilon
Makhleb
Qazlal
Trog


Innate Abilities, Weirdness & Mutations

You are resistant to damage.
You can heal yourself by infusing magical energy.
You passively map the area around you.
You do not regenerate.


Message History

Your plate armour prevents you from hitting the orc warrior.
You barely miss the orc warrior. You slash the orc warrior!
The orc warrior is moderately wounded.
You slash the orc warrior!
You are no longer berserk.
You are exhausted.
You feel yourself slow down. You block the orc warrior's attack.
The orc warrior hits you with a war axe!
* * * LOW HITPOINT WARNING * * *
You slash the orc warrior!
The orc warrior is severely wounded.
You closely miss the orc warrior. You block the orc warrior's attack.
The orc warrior hits you with a war axe!
* * * LOW HITPOINT WARNING * * *
Your shield and plate armour prevent you from hitting the orc warrior.
The orc warrior is severely wounded.
You barely miss the orc warrior.
The orc warrior hits you with a war axe!
You die...

≈≈ ≈ ≈≈≈≈≈≈≈≈≈≈≈≈≈≈≈≈≈≈≈≈ ≈
≈≈≈≈≈≈≈≈≈≈≈≈≈≈≈≈≈≈≈≈ ≈≈
≈≈≈≈≈≈≈≈≈≈≈≈≈≈≈≈≈≈≈≈ ≈≈ ≈ ≈ ≈
≈≈≈≈≈≈≈≈≈≈≈≈≈≈≈≈≈≈≈ ≈ ≈ ≈
≈≈≈≈≈≈≈≈≈≈≈≈≈≈≈≈≈≈≈ ≈≈ ≈
#≈≈≈≈≈≈≈≈≈≈≈≈≈###### ≈
+.............').#.#
≈≈≈#+*,,#######'#######).#'# ≈
≈≈≈≈≈# #.....@o# ,, #....# ≈
≈≈≈≈≈# #.8.8.8og.....#....# ≈
≈≈≈≈≈######......g#####+######
≈≈≈≈≈≈.#......#....#))# , ,≈≈
.≈≈≈≈≈.#......#....#))# ≈
.≈≈≈≈≈.#++#####....#..#, ,*, ≈
.≈≈≈≈≈.#.....##....#..# *
.......'.....##....#+##,
.......)).⌠..##.._.# ,∩., ≈


You could see 2 orc warriors, a hobgoblin and a goblin.

Vanquished Creatures
  An orc high priest (Bailey)
  2 orc knights (Bailey)
  A kobold demonologist (Bailey)
  Sigmund (D:2)
  A hungry ghost (D:5)
  Purgy (Sewer)
  2 sky beasts
  An ice beast (D:6)
  6 orc warriors (Bailey)
  A phantom (D:5)
  3 ogres
  3 bullfrogs (D:6)
  5 killer bees (D:4)
  4 electric eels (Bailey)
  3 bullfrog zombies
  2 crimson imps (D:6)
  3 hounds
  2 jellies
  A bullfrog skeleton (D:6)
  4 orc priests
  A centaur skeleton (D:5)
  2 iguanas (D:4)
  5 orc wizards
  4 worker ants (D:5)
  Terence (D:2)
  A mummy (D:6)
  A howler monkey zombie (D:5)
  A worker ant zombie (D:6)
  18 gnolls
  9 adders
  2 shadow imps
  2 worms
  2 dart slugs
  5 leopard geckos
  23 orcs
  11 giant cockroaches
  14 goblins
  11 hobgoblins
  5 quokkas
  3 ball pythons
  9 bats
  11 frilled lizards
  2 hobgoblin zombies (D:6)
  A jackal skeleton (D:5)
  7 kobolds
  A kobold zombie (D:6)
  A leopard gecko skeleton (D:5)
  An orc zombie (D:6)
  2 quokka skeletons
  7 rats
210 creatures vanquished.

Notes
Turn   | Place    | Note
-------+----------+-------------------------------------------
     0 | D:1      | Lovchig the Deep Dwarf Fighter began the quest for the Orb.
     0 | D:1      | Reached XP level 1. HP: 20/20 MP: 1/1
   147 | D:1      | Reached XP level 2. HP: 25/27 MP: 2/2
   643 | D:2      | Reached skill level 3 in Axes
   643 | D:2      | Reached XP level 3. HP: 23/34 MP: 3/3
   644 | D:2      | Noticed Sigmund
   671 | D:2      | Killed Sigmund
   671 | D:2      | Reached skill level 4 in Axes
   671 | D:2      | Reached skill level 1 in Dodging
   671 | D:2      | Reached XP level 4. HP: 15/42 MP: 4/4
   671 | D:2      | Reached XP level 5. HP: 17/49 MP: 5/5
   765 | D:2      | Noticed Terence
   773 | D:2      | Killed Terence
   858 | D:2      | Reached XP level 6. HP: 50/56 MP: 6/6
  1267 | D:2      | Found a faded altar of an unknown god.
  1522 | D:3      | Found a white marble altar of Elyvilon.
  1666 | D:3      | Noticed a sky beast
  1701 | D:3      | Killed a sky beast
  1774 | D:3      | Reached skill level 5 in Axes
  2038 | D:3      | Found a bloodstained altar of Trog.
  2047 | D:3      | Found a burning altar of Makhleb.
  2054 | D:3      | Became a worshipper of Makhleb the Destroyer
  2295 | D:4      | Reached XP level 7. HP: 30/63 MP: 7/7
  2307 | D:4      | Found a glowing drain.
  2318 | Sewer    | Entered a sewer
  2364 | Sewer    | Noticed Purgy
  2399 | Sewer    | Killed Purgy
  2399 | Sewer    | Reached skill level 5 in Armour
  2635 | D:4      | Reached skill level 5 in Shields
  2701 | D:4      | Reached * piety under Makhleb
  2981 | D:4      | Reached skill level 6 in Axes
  3202 | D:5      | Entered Level 5 of the Dungeon
  3218 | D:5      | Reached XP level 8. HP: 50/72 MP: 7/7
  3583 | D:5      | Found a staircase to the Ecumenical Temple.
  3651 | D:5      | Reached skill level 7 in Axes
  4022 | D:5      | Found a shadowy altar of Dithmenos.
  4279 | D:6      | Reached ** piety under Makhleb
  4369 | D:6      | Gained mutation: You passively map the area around you. [Deep Dwarf growth]
  4369 | D:6      | Reached XP level 9. HP: 45/80 MP: 7/7
  4441 | D:6      | Reached skill level 8 in Axes
  4639 | D:6      | Reached skill level 5 in Fighting
  4801 | D:6      | Found a stormy altar of Qazlal.
  5060 | D:7      | Found a flagged portal.
  5065 | Bailey   | Entered a bailey
  5112 | Bailey   | Found an iron altar of Okawaru.
  5112 | Bailey   | Noticed an orc high priest
  5112 | Bailey   | Noticed a kobold demonologist
  5118 | Bailey   | Noticed a rust devil
  5124 | Bailey   | Killed a kobold demonologist
  5124 | Bailey   | Reached skill level 9 in Axes
  5127 | Bailey   | Noticed an ice devil
  5127 | Bailey   | Noticed an orange demon
  5138 | Bailey   | Noticed a red devil
  5138 | Bailey   | Noticed an ice devil
  5150 | Bailey   | Noticed an orange demon
  5163 | Bailey   | Noticed an orange demon
  5163 | Bailey   | Noticed a smoke demon
  5174 | Bailey   | Killed an orc high priest
  5234 | Bailey   | Reached *** piety under Makhleb
  5307 | Bailey   | Reached skill level 5 in Dodging
  5307 | Bailey   | Reached XP level 10. HP: 55/88 MP: 4/4
  5334 | Bailey   | Noticed an orc knight
  5368 | Bailey   | Killed an orc knight
  5460 | Bailey   | Noticed an orc knight
  5472 | Bailey   | Killed an orc knight
  5472 | Bailey   | Reached skill level 10 in Axes
  5561 | Bailey   | HP: 2/91 [orc warrior/war axe (6)]
  5562 | Bailey   | Mangled by an orc warrior

Skill      XL: |  1  2  3  4  5  6  7  8  9 10 |
---------------+-------------------------------+-----
Fighting       | 3 4 5 |  5.8
Axes           | 3 4 5 6 7 9 10 | 10.1
Armour         | 4 5 7 8 |  8.8
Dodging        | 1 2 3 4 5 |  5.3
Shields        | 4 5 6 7 |  7.6

Action                   |  1- 3 |  4- 6 |  7- 9 | 10-12 || total
-------------------------+-------+-------+-------+-------++-------
Melee: War axe           |    82 |   233 |   569 |    97 ||   981
 Abil: Heal Wounds       |     1 |     5 |    27 |    14 ||    47
  Use: Scroll            |     3 |     8 |     7 |       ||    18
       Potion            |     1 |       |     5 |     5 ||    11
  Eat: Chunk             |       |     5 |    16 |     1 ||    22
Armor: Scale mail        |    34 |   123 |   144 |       ||   301
       Chain mail        |       |       |   132 |       ||   132
       Plate armour      |       |       |    13 |    12 ||    25
Dodge: Dodged            |    30 |    77 |   297 |    18 ||   422
Block: Shield            |    39 |   149 |   365 |    26 ||   579
